 Dungeon Crawl Stone Soup version 0.31.0-9-g3a7656b989 (webtiles) character file.

Game seed: 5057315402204753940

86330 qw the Acrobat (level 15, -29/75 HPs)
             Began as a Spriggan Hunter on Feb 2, 2024.
             Was the Champion of Okawaru.
             Annihilated by a very large slime creature (59 damage)
             ... on level 15 of the Dungeon.
             The game lasted 00:03:32 (20206 turns).

qw the Acrobat (Spriggan Hunter)                   Turns: 20206, Time: 00:03:32

Health: -29/75     AC:  6    Str:  7    XL:     15   Next: 40%
Magic:  10/14      EV: 61    Int: 10    God:    Okawaru [******]
Gold:   1272       SH:  5    Dex: 41    Spells: 14/14 levels left

rFire   . . .        u - +3 hand cannon (freeze)
rCold   . . .        (no shield)
rNeg    . . .        n - +0 troll leather armour
rPois   +            s - +0 hat "Hioczaxt" {^Drain rCorr MP-9 Dex+8}
rElec   .            h - +2 cloak {rPois}
rCorr   +            (gloves unavailable)
SInv    +            (boots unavailable)
Will    ++...        t - amulet of reflection
Stlth   +++          c - +6 ring of dexterity
HPRegen 1.12/turn    r - +5 ring of evasion
MPRegen 0.14/turn

%: reflection
@: finesse-ful, very quick
A: very small, no large weapons, unfitting armour, see invisible, speed 3
a: Renounce Religion, Heroism, Finesse, Duel


You were on level 15 of the Dungeon.
You worshipped Okawaru.
Okawaru was exalted by your worship.
You visited 3 branches of the dungeon, and saw 21 of its levels.
You also visited: Ossuary.

You collected 1902 gold pieces.
You spent 630 gold pieces at shops.


Innate Abilities, Weirdness & Mutations

You are very small and have problems with some larger weapons.
You are too small for most types of armour.
You have supernaturally acute eyesight. (SInv)
You cover ground extremely quickly. (Speed+++)


   Skills:
 - Level 7.0 Fighting
 + Level 17.7 Ranged Weapons
 - Level 2.7 Armour
 - Level 22.0 Dodging
 - Level 1.5 Stealth
 - Level 10.0 Invocations


You had 14 spell levels left.
You didn't know any spells.
Your spell library was empty.

Inventory:

Hand Weapons
 u - a +3 hand cannon of freezing (weapon)
Armour
 h - a +2 cloak of poison resistance (worn)
 n - a +0 troll leather armour (worn)
 s - the +0 hat "Hioczaxt" (worn) {^Drain rCorr MP-9 Dex+8}
   (Okawaru gifted it to you on level 9 of the Dungeon)

   Dex+8:     It affects your dexterity (+8).
   MP-9:      It affects your magic capacity (-9).
   rCorr:     It protects you from acid and corrosion.
   ^Drain:    It drains your maximum health when unequipped.
Jewellery
 c - a +6 ring of dexterity (left hand)
 j - a ring of protection from fire
 k - a ring of willpower
 r - a +5 ring of evasion (right hand)
 t - an amulet of reflection (around neck)
Wands
 f - a wand of polymorph (7)
 o - a wand of roots (15)
 p - a wand of mindburst (37)
Scrolls
 a - 3 scrolls of teleportation
 g - 3 scrolls of identify
Potions
 b - 5 potions of mutation
 d - 7 potions of heal wounds
 e - 4 potions of enlightenment
 i - 3 potions of might
 l - 10 potions of curing
 q - a potion of resistance

Dungeon Overview and Level Annotations

Branches:
Dungeon (15/15)            Temple (1/1) D:7            Lair (5/5) D:8
 Shoals (0/4) Lair:3       Spider (0/4) Lair:2        Slime (0/5) Lair:5
    Orc (0/2) D:12         Vaults (0/5) D:14        Ossuary (visited)
 Depths: D:15

Altars:
Ashenzari
Cheibriados
Dithmenos
Elyvilon
Fedhas
Gozag
Hepliaklqana
Kikubaaqudgha
Makhleb
Nemelex Xobeh
Okawaru
Ru
Sif Muna
Trog
Uskayaw
Vehumet
Wu Jian
Xom
Yredelemnul
Zin
The Shining One

Shops:
D:3 (   D:10 *   D:11 (   D:12 ([

Portals:
Ice
Cave: D:12

Annotations:
D:2 1 runed translucent door, Crazy Yiuf
D:4 2 transporters, qw's ghost, amateur DjHu
D:11 2 runed translucent doors
Lair:1 2 transporters, qw's ghost, novice DEHu
Lair:5 2 runed translucent doors


Message History

The bolt freezes the large slime creature!
The large slime creature is severely wounded.
You shoot a bolt. The bolt hits the large slime creature.
The bolt freezes the large slime creature.
The large slime creature is severely wounded.
You shoot a bolt. The bolt hits the large slime creature.
The bolt freezes the large slime creature.
The large slime creature is severely wounded.
The large slime creature completely misses you.
You shoot a bolt.
The bolt hits the large slime creature!!!
The bolt freezes the large slime creature!
You kill the large slime creature!
Okawaru accepts your kill.
You shoot a bolt.
The bolt barely misses the very large slime creature.
You shoot a bolt.
The bolt hits the very large slime creature but does no damage.
You shoot a bolt.
The bolt hits the very large slime creature!!
The bolt freezes the very large slime creature.
The very large slime creature is lightly wounded.
You block the very large slime creature's attack.
You shoot a bolt.
The bolt hits the very large slime creature!
The bolt freezes the very large slime creature.
The very large slime creature is moderately wounded.
The very large slime creature hits you!!!
Ouch! That really hurt!
You shoot a bolt.
The bolt hits the very large slime creature!
The bolt freezes the very large slime creature.
The very large slime creature is moderately wounded.
You shoot a bolt.
The bolt hits the very large slime creature!
The bolt freezes the very large slime creature.
The very large slime creature is heavily wounded.
The very large slime creature hits you!!!
Ouch! That really hurt!
You die...

#....... .#......
#.. ##.....# ##.##
......... ##...##
........#+####...!.#
######.......#.....
#..).........# ..)
.##..........###J#
#####........#.#@#
...............00#
..###........#.###
##<.#........#.#
#.....###.####.#
.########.# #.#
##.....##.# #.#
...###.##.# #.# ...#
#.##.# #.#


You could see a very large slime creature.

Vanquished Creatures
  Frances (D:12)
  Kirke (Lair:4)
  A fenstrider witch (D:13)
  A very ugly thing (D:15)
  Nessos (D:14)
  Josephine (D:14)
  A fire dragon (D:14)
  2 vault guards (D:14)
  Erolcha (D:12)
  5 hydras
  A rakshasa (D:15)
  2 ogre magi
  A catoblepas (Lair:1)
  9 two-headed ogres
  3 boulder beetles
  3 death yaks (Lair:5)
  A tengu warrior (D:14)
  3 skeletal warriors (D:15)
  Lodul (D:13)
  3 arcanists (D:14)
  3 deep elf pyromancers
  2 lindwurms
  2 ugly things
  4 cyclopes
  Maurice (D:8)
  An orc sorcerer (D:13)
  8 elephants
  A manticore (D:13)
  A merfolk siren (Lair:3)
  Joseph (D:8)
  5 black mambas (Lair:5)
  2 gargoyles (D:13)
  3 molten gargoyles (Lair:5)
  13 cane toads
  A torpor snail (Lair:2)
  12 komodo dragons
  Jeremiah (D:7)
  An unseen horror (D:12)
  5 rime drakes
  A troll (shapeshifter) (D:14)
  Psyche (D:8)
  A troll (D:13)
  2 hornets
  4 polar bears
  31 blink frogs
  24 dream sheep
  2 shadows
  6 slime creatures
  8 wraiths
  47 yaks
  A hog (Lair:4)
  3 culicivoras (Lair:2)
  A vampire (D:7)
  17 wyverns
  24 humans
  7 basilisks
  5 steam dragons
  Grum (D:8)
  7 vampire mosquitoes
  Menkaure (D:7)
  An acid dragon (D:10)
  9 water moccasins
  8 hell hounds
  4 orc warriors
  A sky beast (D:7)
  An ice beast (D:6)
  A black bear (Lair:2)
  11 ogres
  8 centaurs
  28 wolves
  4 boggarts (D:14)
  A phantom (D:5)
  2 kobold brigands
  10 bullfrogs
  A gnoll sergeant (D:11)
  5 scorpions
  A cane toad simulacrum (D:12)
  4 wights (D:6)
  3 killer bees (D:7)
  3 howler monkeys
  5 lava snakes (Lair:5)
  2 bombardier beetles
  5 hounds
  2 gnoll boudas
  7 jellies
  2 iguanas
  3 sleepcaps
  3 orc wizards
  5 hell rats (D:14)
  Terence (D:2)
  A wolf simulacrum (D:12)
  3 troll simulacra (D:12)
  3 spriggan simulacra (D:12)
  8 mummies (Ossuary)
  14 gnolls
  5 adders
  5 shadow imps
  2 white imps
  3 ufetubi
  3 dart slugs
  15 orcs
  6 ball pythons
  7 bats
  22 endoplasms
  9 giant cockroaches
  2 gnoll zombies (Ossuary)
  9 goblins
  8 hobgoblins
  5 jackals
  3 quokkas
  7 frilled lizards
  2 hobgoblin zombies (Ossuary)
  18 kobolds
  4 orc zombies (Ossuary)
  2 rats
610 creatures vanquished.

Vanquished Creatures (others)
  A boggart (D:14)
1 creature vanquished.

Grand Total: 611 creatures vanquished

Notes
Turn   | Place    | Note
-------+----------+-------------------------------------------
     0 | D:1      | qw the Spriggan Hunter began the quest for the Orb.
     0 | D:1      | Reached XP level 1. HP: 10/10 MP: 2/2
     0 | D:1      | 0 ||| qw: Version: 0.3-a-155-g5e7d8dd
     0 | D:1      | 0 ||| qw: Game counter: 2680
     0 | D:1      | 0 ||| qw: Melee chars always use a shield: true
     0 | D:1      | 0 ||| qw: God list: Okawaru
     0 | D:1      | 0 ||| qw: Allow faded altars: false
     0 | D:1      | 0 ||| qw: Do Orc after clearing Dungeon:15 true
     0 | D:1      | 0 ||| qw: Do second Lair branch before Depths: true
     0 | D:1      | 0 ||| qw: Lair rune preference: random
     0 | D:1      | 0 ||| qw: Goals: Normal
     0 | D:1      | 0 ||| PLANNING D:1-11
     6 | D:1      | 6 ||| DROPPING scroll of butterflies.
    19 | D:1      | Reached skill level 3 in Dodging
   210 | D:1      | Reached XP level 2. HP: 14/14 MP: 3/3
   392 | D:1      | Reached skill level 4 in Dodging
   879 | D:1      | 879 ||| UPGRADING to +2 hat.
   884 | D:1      | 884 ||| READING scroll labelled KUFOESHUTZ.
   885 | D:1      | 885 ||| READING scroll labelled VENWUA ATAUC.
   885 | D:1      | 885 ||| IDENTIFYING fizzy coppery potion
   968 | D:2      | Reached XP level 3. HP: 18/18 MP: 4/4
  1025 | D:2      | Found a faded altar of an unknown god.
  1515 | D:2      | 1515 ||| RETREEEEATING.
  1516 | D:2      | 1516 ||| RETREEEEATING.
  1517 | D:2      | 1517 ||| RETREEEEATING.
  1520 | D:2      | Reached XP level 4. HP: 22/22 MP: 5/5
  1717 | D:2      | Noticed Terence
  1723 | D:2      | Killed Terence
  1724 | D:2      | Reached skill level 5 in Dodging
  1748 | D:2      | Found a runed translucent door.
  1749 | D:2      | Noticed Crazy Yiuf
  1826 | D:2      | 1826 ||| READING scroll labelled POSISULOAW.
  1827 | D:2      | 1827 ||| READING scroll labelled REERUS SASMOSHUNEO.
  1865 | D:2      | 1865 ||| DRINKING 3 smoky ruby potions.
  1921 | D:3      | Reached XP level 5. HP: 26/26 MP: 6/6
  1984 | D:3      | Noticed a water moccasin
  1992 | D:3      | Killed a water moccasin
  1993 | D:3      | Reached skill level 6 in Ranged Weapons
  2016 | D:3      | Found Boruman's Weapon Boutique.
  2068 | D:3      | Found a blossoming altar of Fedhas.
  2107 | D:3      | Found a broken altar of Ashenzari.
  2118 | D:3      | Reached XP level 6. HP: 30/30 MP: 7/7
  2358 | D:3      | Found a radiant altar of Vehumet.
  2578 | D:3      | 2578 ||| UPGRADING to ring of protection from fire.
  2579 | D:3      | 2579 ||| UPGRADING to +6 ring of strength.
  2580 | D:3      | 2580 ||| READING scroll of identify.
  2580 | D:3      | 2580 ||| IDENTIFYING cyan potion
  2581 | D:3      | 2581 ||| DROPPING potion of berserk rage.
  2675 | D:4      | Reached skill level 6 in Dodging
  2762 | D:4      | Found a transporter.
  2845 | D:4      | Found a transporter.
  3035 | D:4      | HP: 7/30 [poisoned by a scorpion]
  3038 | D:4      | HP: 3/30 [poisoned by a scorpion]
  3041 | D:4      | HP: 1/30 [poisoned by a scorpion]
  3262 | D:4      | Reached XP level 7. HP: 35/35 MP: 8/8
  3456 | D:4      | Noticed qw's ghost (amateur DjHu)
  3745 | D:4      | 3745 ||| UPGRADING to amulet of guardian spirit.
  3750 | D:4      | 3750 ||| UPGRADING to amulet of regeneration.
  3760 | D:4      | 3760 ||| DROPPING amulet of guardian spirit.
  3761 | D:4      | 3761 ||| READING scroll of identify.
  3761 | D:4      | 3761 ||| IDENTIFYING pink potion
  3762 | D:4      | 3762 ||| READING scroll labelled LAHOXT MOOF.
  3921 | D:5      | Entered Level 5 of the Dungeon
  3922 | D:5      | 3922 ||| PLANNING OSSUARY
  3929 | D:5      | Reached skill level 7 in Dodging
  3966 | D:5      | Found a sand-covered staircase.
  3972 | Ossuary  | Entered an ossuary
  4166 | Ossuary  | 4166 ||| READING 2 scrolls of identify.
  4166 | Ossuary  | 4166 ||| IDENTIFYING golden potion
  4167 | Ossuary  | 4167 ||| READING scroll of identify.
  4167 | Ossuary  | 4167 ||| IDENTIFYING 2 bubbling ruby potions
  4168 | Ossuary  | 4168 ||| DRINKING 4 metallic amethyst potions.
  4169 | Ossuary  | 4169 ||| DRINKING 3 sedimented ruby potions.
  4170 | Ossuary  | 4170 ||| DROPPING 2 potions of brilliance.
  4171 | Ossuary  | 4171 ||| DROPPING 3 potions of degeneration.
  4172 | Ossuary  | 4172 ||| DROPPING potion of attraction.
  4195 | D:5      | 4195 ||| PLANNING D:1-11
  4794 | D:5      | 4794 ||| READING scroll of identify.
  4794 | D:5      | 4794 ||| IDENTIFYING murky brown potion
  4824 | D:5      | Reached XP level 8. HP: 39/39 MP: 9/9
  4839 | D:5      | Reached skill level 3 in Fighting
  4866 | D:5      | Reached skill level 8 in Dodging
  4871 | D:5      | 4871 ||| RETREEEEATING.
  4872 | D:5      | 4872 ||| RETREEEEATING.
  4895 | D:5      | HP: 3/40 [ogre/+0 giant club (25)]
  4896 | D:5      | 4896 ||| DRINKING 9 potions of heal wounds.
  5162 | D:5      | Reached skill level 9 in Ranged Weapons
  5571 | D:5      | 5571 ||| UPGRADING to +0 steam dragon scales.
  5581 | D:5      | 5581 ||| DROPPING +0 robe.
  5641 | D:6      | Reached skill level 9 in Dodging
  5876 | D:6      | Found a basalt altar of Yredelemnul.
  6105 | D:6      | Reached XP level 9. HP: 42/44 MP: 10/10
  6291 | D:6      | 6291 ||| UPGRADING to +6 ring of dexterity.
  6293 | D:6      | 6293 ||| UPGRADING to +5 ring of evasion.
  6295 | D:6      | 6295 ||| DROPPING +6 ring of strength.
  6296 | D:6      | 6296 ||| READING scroll of identify.
  6296 | D:6      | 6296 ||| IDENTIFYING orange potion
  6297 | D:6      | 6297 ||| READING scroll labelled HIVEALE QIRO.
  6298 | D:6      | 6298 ||| DROPPING potion of magic.
  6337 | D:7      | Noticed Jeremiah
  6361 | D:7      | 6361 ||| FLEEEEING.
  6362 | D:7      | 6362 ||| FLEEEEING.
  6363 | D:7      | 6363 ||| FLEEEEING.
  6365 | D:7      | 6365 ||| FLEEEEING.
  6366 | D:7      | 6366 ||| FLEEEEING.
  6368 | D:7      | 6368 ||| FLEEEEING.
  6369 | D:7      | 6369 ||| FLEEEEING.
  6373 | D:7      | 6373 ||| FLEEEEING.
  6375 | D:7      | 6375 ||| FLEEEEING.
  6377 | D:7      | 6377 ||| STAIRDANCE
  6432 | D:7      | 6432 ||| FLEEEEING.
  6438 | D:7      | 6438 ||| FLEEEEING.
  6442 | D:7      | Killed Jeremiah
  6443 | D:7      | Reached skill level 10 in Dodging
  6508 | D:7      | HP: 10/40 [vampire/vampiric draining (12)]
  6509 | D:7      | 6509 ||| READING scroll of teleportation.
  6510 | D:7      | 6510 ||| DRINKING 8 potions of heal wounds.
  6663 | D:7      | Reached skill level 11 in Dodging
  6821 | D:7      | Found a glowing golden altar of the Shining One.
  6896 | D:7      | Noticed Menkaure
  6900 | D:7      | 6900 ||| ZAPPING wand of acid (8) at 5,5 (Menkaure; floor).
  6901 | D:7      | 6901 ||| ZAPPING wand of acid (7) at 4,4 (Menkaure; floor).
  6901 | D:7      | Killed Menkaure
  6902 | D:7      | Reached skill level 12 in Dodging
  6977 | D:7      | Found a staircase to the Ecumenical Temple.
  6978 | D:7      | 6978 ||| PLANNING TEMPLE
  6978 | D:7      | 6978 ||| DROPPING ring of protection from cold.
  6979 | D:7      | 6979 ||| READING scroll labelled ABAJIE CUTZ.
  6979 | D:7      | 6979 ||| BRANDING +0 shortbow.
  6980 | D:7      | 6980 ||| READING scroll labelled AMAEBEMO OSSAU.
  6981 | D:7      | 6981 ||| READING scroll labelled IXIMEDI WOEXAV.
  6981 | D:7      | 6981 ||| ENCHANTING +0 heavy shortbow.
  6990 | Temple   | Entered the Ecumenical Temple
  6991 | Temple   | 6991 ||| PLANNING OKAWARU WORSHIP
  7013 | Temple   | Became a worshipper of Warmaster Okawaru
  7014 | Temple   | 7014 ||| PLANNING D:1-11
  7133 | D:7      | Found a hazy altar of Hepliaklqana.
  7390 | D:7      | 7390 ||| READING scroll labelled KIOTHO CUOQAWN.
  7434 | D:8      | Noticed Joseph
  7438 | D:8      | 7438 ||| FLEEEEING.
  7440 | D:8      | 7440 ||| FLEEEEING.
  7441 | D:8      | 7441 ||| FLEEEEING.
  7442 | D:8      | 7442 ||| FLEEEEING.
  7444 | D:8      | 7444 ||| FLEEEEING.
  7445 | D:8      | 7445 ||| FLEEEEING.
  7448 | D:8      | Killed Joseph
  7472 | D:8      | Noticed Psyche
  7474 | D:8      | 7474 ||| ZAPPING wand of acid (6) at -1,-5 (Psyche; floor).
  7475 | D:8      | 7475 ||| ZAPPING wand of acid (5) at -1,-5 (Psyche; floor).
  7476 | D:8      | 7476 ||| ZAPPING wand of acid (4) at -1,-3 (Psyche; floor).
  7476 | D:8      | Killed Psyche
  7476 | D:8      | Reached * piety under Okawaru
  7485 | D:8      | Noticed Grum
  7486 | D:8      | 7486 ||| RETREEEEATING.
  7489 | D:8      | 7489 ||| RETREEEEATING.
  7491 | D:8      | 7491 ||| RETREEEEATING.
  7492 | D:8      | 7492 ||| RETREEEEATING.
  7493 | D:8      | 7493 ||| RETREEEEATING.
  7495 | D:8      | 7495 ||| INVOKING Heroism.
  7502 | D:8      | Reached skill level 1 in Invocations
  7514 | D:8      | Killed Grum
  7515 | D:8      | Reached XP level 10. HP: 49/49 MP: 10/12
  7673 | D:8      | Found a staircase to the Lair.
  7684 | D:8      | Noticed Maurice
  7685 | D:8      | 7685 ||| ZAPPING wand of acid (3) at 0,5 (Maurice; floor).
  7686 | D:8      | 7686 ||| INVOKING Heroism.
  7690 | D:8      | Killed Maurice
  7691 | D:8      | Reached skill level 3 in Invocations
  7775 | D:8      | 7775 ||| RETREEEEATING.
  7776 | D:8      | 7776 ||| RETREEEEATING.
  7829 | D:8      | 7829 ||| SWAPPING to +0 orcbow.
  7830 | D:8      | 7830 ||| DROPPING +1 heavy shortbow.
  8097 | D:8      | 8097 ||| PLANNING LAIR
  8097 | D:8      | 8097 ||| UPGRADING to +2 cloak of poison resistance.
  8135 | Lair:1   | Entered Level 1 of the Lair of Beasts
  8135 | Lair:1   | Noticed a cane toad
  8136 | Lair:1   | 8136 ||| INVOKING Heroism.
  8138 | Lair:1   | 8138 ||| STAIRDANCE
  8160 | Lair:1   | 8160 ||| INVOKING Heroism.
  8165 | Lair:1   | Killed a cane toad
  8192 | Lair:1   | Reached ** piety under Okawaru
  8238 | Lair:1   | Found a transporter.
  8238 | Lair:1   | Noticed a torpor snail
  8238 | Lair:1   | Noticed a black mamba
  8249 | Lair:1   | Found a transporter.
  8252 | Lair:1   | Noticed a black mamba
  8253 | Lair:1   | Noticed a cane toad
  8253 | Lair:1   | Noticed qw's ghost (novice DEHu)
  8254 | Lair:1   | Noticed a death yak
  8259 | Lair:1   | Noticed a moth of wrath
  8275 | Lair:1   | Reached skill level 13 in Dodging
  8280 | Lair:1   | 8280 ||| RETREEEEATING.
  8281 | Lair:1   | 8281 ||| RETREEEEATING.
  8312 | Lair:1   | Reached skill level 14 in Dodging
  8399 | Lair:1   | Noticed a catoblepas
  8400 | Lair:1   | 8400 ||| INVOKING Heroism.
  8407 | Lair:1   | 8407 ||| Stepping ~*~*~tactically~*~*~ (cloud).
  8409 | Lair:1   | 8409 ||| Stepping ~*~*~tactically~*~*~ (cloud).
  8411 | Lair:1   | 8411 ||| Stepping ~*~*~tactically~*~*~ (cloud).
  8415 | Lair:1   | Killed a catoblepas
  8415 | Lair:1   | Reached *** piety under Okawaru
  8441 | Lair:1   | Reached XP level 11. HP: 53/53 MP: 15/15
  8538 | Lair:1   | 8538 ||| DROPPING ring of magical power.
  8539 | Lair:1   | 8539 ||| READING scroll labelled USAAZX XUYB.
  8567 | Lair:2   | HP: 10/53 [cane toad (19)]
  8568 | Lair:2   | 8568 ||| READING 2 scrolls of teleportation.
  8569 | Lair:2   | 8569 ||| DRINKING 7 potions of heal wounds.
  8590 | Lair:2   | 8590 ||| RETREEEEATING.
  8591 | Lair:2   | 8591 ||| RETREEEEATING.
  8593 | Lair:2   | 8593 ||| RETREEEEATING.
  8611 | Lair:2   | Reached skill level 12 in Ranged Weapons
  8650 | Lair:2   | 8650 ||| RETREEEEATING.
  8653 | Lair:2   | 8653 ||| RETREEEEATING.
  8660 | Lair:2   | 8660 ||| RETREEEEATING.
  8661 | Lair:2   | 8661 ||| RETREEEEATING.
  8671 | Lair:2   | 8671 ||| RETREEEEATING.
  8672 | Lair:2   | 8672 ||| RETREEEEATING.
  8673 | Lair:2   | 8673 ||| RETREEEEATING.
  8674 | Lair:2   | 8674 ||| RETREEEEATING.
  8678 | Lair:2   | 8678 ||| RETREEEEATING.
  8679 | Lair:2   | 8679 ||| RETREEEEATING.
  8680 | Lair:2   | 8680 ||| RETREEEEATING.
  8681 | Lair:2   | 8681 ||| RETREEEEATING.
  8682 | Lair:2   | 8682 ||| RETREEEEATING.
  8683 | Lair:2   | 8683 ||| RETREEEEATING.
  8684 | Lair:2   | 8684 ||| RETREEEEATING.
  8685 | Lair:2   | 8685 ||| RETREEEEATING.
  8686 | Lair:2   | 8686 ||| RETREEEEATING.
  8687 | Lair:2   | 8687 ||| RETREEEEATING.
  8688 | Lair:2   | 8688 ||| RETREEEEATING.
  8689 | Lair:2   | 8689 ||| INVOKING Heroism.
  8710 | Lair:2   | Reached **** piety under Okawaru
  8756 | Lair:2   | 8756 ||| RETREEEEATING.
  8757 | Lair:2   | 8757 ||| RETREEEEATING.
  8758 | Lair:2   | 8758 ||| RETREEEEATING.
  8760 | Lair:2   | 8760 ||| RETREEEEATING.
  8765 | Lair:2   | 8765 ||| RETREEEEATING.
  8770 | Lair:2   | 8770 ||| RETREEEEATING.
  8772 | Lair:2   | 8772 ||| RETREEEEATING.
  8774 | Lair:2   | 8774 ||| RETREEEEATING.
  8777 | Lair:2   | 8777 ||| RETREEEEATING.
  8839 | Lair:2   | 8839 ||| RETREEEEATING.
  8843 | Lair:2   | 8843 ||| RETREEEEATING.
  8844 | Lair:2   | 8844 ||| RETREEEEATING.
  8858 | Lair:2   | 8858 ||| INVOKING Finesse.
  8866 | Lair:2   | 8866 ||| FLEEEEING.
  8875 | Lair:2   | Noticed a boulder beetle
  8913 | Lair:2   | 8913 ||| RETREEEEATING.
  8914 | Lair:2   | 8914 ||| RETREEEEATING.
  8915 | Lair:2   | 8915 ||| RETREEEEATING.
  8916 | Lair:2   | 8916 ||| RETREEEEATING.
  8917 | Lair:2   | 8917 ||| INVOKING Finesse.
  8921 | Lair:2   | HP: 13/55 [boulder beetle (21)]
  8922 | Lair:2   | 8922 ||| READING 2 scrolls of teleportation.
  9000 | Lair:2   | Noticed a five-headed hydra
  9005 | Lair:2   | 9005 ||| ZAPPING wand of acid (2) at -5,-4 (five-headed
                  | hydra; floor).
  9006 | Lair:2   | 9006 ||| INVOKING Finesse.
  9014 | Lair:2   | Killed a five-headed hydra
  9015 | Lair:2   | Reached skill level 15 in Dodging
  9087 | Lair:2   | Found a hole to the Spider Nest.
  9143 | Lair:2   | Reached skill level 6 in Invocations
  9244 | Lair:2   | 9244 ||| INVOKING Finesse.
  9247 | Lair:2   | 9247 ||| RETREEEEATING.
  9250 | Lair:2   | 9250 ||| RETREEEEATING.
  9251 | Lair:2   | 9251 ||| RETREEEEATING.
  9253 | Lair:2   | 9253 ||| RETREEEEATING.
  9254 | Lair:2   | 9254 ||| RETREEEEATING.
  9257 | Lair:2   | 9257 ||| RETREEEEATING.
  9262 | Lair:2   | 9262 ||| RETREEEEATING.
  9290 | Lair:2   | 9290 ||| RETREEEEATING.
  9295 | Lair:2   | 9295 ||| RETREEEEATING.
  9296 | Lair:2   | 9296 ||| RETREEEEATING.
  9297 | Lair:2   | 9297 ||| RETREEEEATING.
  9298 | Lair:2   | 9298 ||| RETREEEEATING.
  9299 | Lair:2   | 9299 ||| RETREEEEATING.
  9300 | Lair:2   | 9300 ||| RETREEEEATING.
  9301 | Lair:2   | 9301 ||| RETREEEEATING.
  9302 | Lair:2   | 9302 ||| RETREEEEATING.
  9311 | Lair:2   | 9311 ||| INVOKING Finesse.
  9455 | Lair:2   | 9455 ||| RETREEEEATING.
  9456 | Lair:2   | 9456 ||| RETREEEEATING.
  9459 | Lair:2   | 9459 ||| RETREEEEATING.
  9461 | Lair:2   | 9461 ||| RETREEEEATING.
  9485 | Lair:2   | Reached XP level 12. HP: 60/60 MP: 18/18
  9496 | Lair:2   | Reached ***** piety under Okawaru
  9523 | Lair:2   | 9523 ||| RETREEEEATING.
  9527 | Lair:2   | 9527 ||| RETREEEEATING.
  9528 | Lair:2   | 9528 ||| RETREEEEATING.
  9529 | Lair:2   | 9529 ||| RETREEEEATING.
  9530 | Lair:2   | 9530 ||| RETREEEEATING.
  9531 | Lair:2   | 9531 ||| RETREEEEATING.
  9532 | Lair:2   | 9532 ||| RETREEEEATING.
  9533 | Lair:2   | 9533 ||| RETREEEEATING.
  9534 | Lair:2   | 9534 ||| RETREEEEATING.
  9535 | Lair:2   | 9535 ||| RETREEEEATING.
  9536 | Lair:2   | 9536 ||| RETREEEEATING.
  9550 | Lair:2   | 9550 ||| INVOKING Finesse.
  9572 | Lair:2   | Killed a boulder beetle
  9606 | Lair:2   | 9606 ||| RETREEEEATING.
  9607 | Lair:2   | 9607 ||| RETREEEEATING.
  9608 | Lair:2   | 9608 ||| RETREEEEATING.
  9615 | Lair:2   | 9615 ||| RETREEEEATING.
  9622 | Lair:2   | 9622 ||| RETREEEEATING.
  9623 | Lair:2   | 9623 ||| RETREEEEATING.
  9624 | Lair:2   | 9624 ||| RETREEEEATING.
  9625 | Lair:2   | 9625 ||| RETREEEEATING.
  9626 | Lair:2   | 9626 ||| RETREEEEATING.
  9725 | Lair:2   | 9725 ||| RETREEEEATING.
  9729 | Lair:2   | 9729 ||| RETREEEEATING.
  9731 | Lair:2   | 9731 ||| INVOKING Finesse.
 10052 | Lair:3   | Reached skill level 16 in Dodging
 10090 | Lair:3   | Found a staircase to the Shoals.
 10251 | Lair:3   | 10251 ||| RETREEEEATING.
 10252 | Lair:3   | 10252 ||| RETREEEEATING.
 10253 | Lair:3   | 10253 ||| RETREEEEATING.
 10254 | Lair:3   | 10254 ||| RETREEEEATING.
 10255 | Lair:3   | 10255 ||| RETREEEEATING.
 10256 | Lair:3   | 10256 ||| RETREEEEATING.
 10257 | Lair:3   | 10257 ||| RETREEEEATING.
 10258 | Lair:3   | 10258 ||| RETREEEEATING.
 10259 | Lair:3   | 10259 ||| RETREEEEATING.
 10260 | Lair:3   | 10260 ||| RETREEEEATING.
 10261 | Lair:3   | 10261 ||| RETREEEEATING.
 10264 | Lair:3   | 10264 ||| RETREEEEATING.
 10265 | Lair:3   | 10265 ||| RETREEEEATING.
 10268 | Lair:3   | 10268 ||| INVOKING Finesse.
 10398 | Lair:3   | Reached skill level 9 in Invocations
 10471 | Lair:3   | Found a hide-covered altar of Uskayaw.
 10472 | Lair:3   | Noticed a boulder beetle
 10473 | Lair:3   | 10473 ||| INVOKING Finesse.
 10489 | Lair:3   | Killed a boulder beetle
 10528 | Lair:3   | Found an ornate altar of the Wu Jian Council.
 10680 | Lair:3   | 10680 ||| RETREEEEATING.
 10684 | Lair:3   | 10684 ||| RETREEEEATING.
 10688 | Lair:3   | 10688 ||| RETREEEEATING.
 10689 | Lair:3   | 10689 ||| RETREEEEATING.
 10690 | Lair:3   | 10690 ||| RETREEEEATING.
 10699 | Lair:3   | 10699 ||| INVOKING Finesse.
 10706 | Lair:3   | Received a gift from Okawaru
 11001 | Lair:3   | 11001 ||| READING 2 scrolls labelled BORIW UDILU.
 11002 | Lair:3   | 11002 ||| DROPPING scroll of revelation.
 11059 | Lair:4   | 11059 ||| RETREEEEATING.
 11061 | Lair:4   | 11061 ||| RETREEEEATING.
 11066 | Lair:4   | 11066 ||| RETREEEEATING.
 11068 | Lair:4   | 11068 ||| RETREEEEATING.
 11075 | Lair:4   | 11075 ||| INVOKING Finesse.
 11156 | Lair:4   | Noticed Kirke
 11159 | Lair:4   | 11159 ||| ZAPPING wand of acid (1) at 1,5 (Kirke; floor).
 11159 | Lair:4   | Noticed a four-headed hydra
 11160 | Lair:4   | 11160 ||| RETREEEEATING.
 11161 | Lair:4   | 11161 ||| RETREEEEATING.
 11162 | Lair:4   | 11162 ||| RETREEEEATING.
 11164 | Lair:4   | 11164 ||| RETREEEEATING.
 11165 | Lair:4   | 11165 ||| RETREEEEATING.
 11166 | Lair:4   | 11166 ||| RETREEEEATING.
 11168 | Lair:4   | 11168 ||| RETREEEEATING.
 11169 | Lair:4   | 11169 ||| RETREEEEATING.
 11170 | Lair:4   | 11170 ||| RETREEEEATING.
 11171 | Lair:4   | 11171 ||| RETREEEEATING.
 11172 | Lair:4   | 11172 ||| RETREEEEATING.
 11173 | Lair:4   | 11173 ||| RETREEEEATING.
 11174 | Lair:4   | 11174 ||| RETREEEEATING.
 11175 | Lair:4   | 11175 ||| RETREEEEATING.
 11176 | Lair:4   | 11176 ||| RETREEEEATING.
 11177 | Lair:4   | 11177 ||| INVOKING Finesse.
 11190 | Lair:4   | Killed Kirke
 11204 | Lair:4   | Killed a four-headed hydra
 11205 | Lair:4   | Reached XP level 13. HP: 60/63 MP: 17/21
 11258 | Lair:4   | Reached skill level 17 in Dodging
 11592 | Lair:4   | 11592 ||| RETREEEEATING.
 11636 | Lair:4   | 11636 ||| INVOKING Finesse.
 11637 | Lair:4   | 11637 ||| INVOKING Heroism.
 11641 | Lair:4   | Reached skill level 6 in Fighting
 12095 | Lair:4   | 12095 ||| UPGRADING to amulet of reflection.
 12105 | Lair:4   | 12105 ||| DROPPING amulet of regeneration.
 12106 | Lair:4   | 12106 ||| READING scroll of identify.
 12106 | Lair:4   | 12106 ||| IDENTIFYING puce potion
 12107 | Lair:4   | 12107 ||| READING scroll labelled EMYUZU XYKIUH.
 12228 | Lair:5   | Entered Level 5 of the Lair of Beasts
 12282 | Lair:5   | 12282 ||| RETREEEEATING.
 12283 | Lair:5   | 12283 ||| RETREEEEATING.
 12284 | Lair:5   | 12284 ||| RETREEEEATING.
 12285 | Lair:5   | 12285 ||| RETREEEEATING.
 12286 | Lair:5   | 12286 ||| RETREEEEATING.
 12291 | Lair:5   | 12291 ||| RETREEEEATING.
 12292 | Lair:5   | 12292 ||| RETREEEEATING.
 12301 | Lair:5   | 12301 ||| RETREEEEATING.
 12302 | Lair:5   | 12302 ||| INVOKING Finesse.
 12310 | Lair:5   | Received a gift from Okawaru
 12340 | Lair:5   | HP: 14/65 [dream sheep (24)]
 12341 | Lair:5   | 12341 ||| READING 2 scrolls of teleportation.
 12342 | Lair:5   | 12342 ||| DRINKING 7 potions of heal wounds.
 12545 | Lair:5   | 12545 ||| RETREEEEATING.
 12549 | Lair:5   | 12549 ||| RETREEEEATING.
 12551 | Lair:5   | Reached skill level 15 in Ranged Weapons
 12551 | Lair:5   | 12551 ||| RETREEEEATING.
 12552 | Lair:5   | 12552 ||| RETREEEEATING.
 12554 | Lair:5   | 12554 ||| RETREEEEATING.
 12557 | Lair:5   | 12557 ||| RETREEEEATING.
 12564 | Lair:5   | 12564 ||| RETREEEEATING.
 12571 | Lair:5   | 12571 ||| RETREEEEATING.
 12572 | Lair:5   | 12572 ||| RETREEEEATING.
 12573 | Lair:5   | 12573 ||| RETREEEEATING.
 12574 | Lair:5   | 12574 ||| RETREEEEATING.
 12575 | Lair:5   | 12575 ||| RETREEEEATING.
 12577 | Lair:5   | 12577 ||| RETREEEEATING.
 12808 | Lair:5   | Reached skill level 18 in Dodging
 12845 | Lair:5   | 12845 ||| RETREEEEATING.
 12847 | Lair:5   | 12847 ||| RETREEEEATING.
 12849 | Lair:5   | 12849 ||| RETREEEEATING.
 12856 | Lair:5   | 12856 ||| RETREEEEATING.
 12858 | Lair:5   | 12858 ||| RETREEEEATING.
 12859 | Lair:5   | 12859 ||| RETREEEEATING.
 12861 | Lair:5   | 12861 ||| RETREEEEATING.
 12862 | Lair:5   | 12862 ||| RETREEEEATING.
 12863 | Lair:5   | 12863 ||| RETREEEEATING.
 12864 | Lair:5   | 12864 ||| RETREEEEATING.
 12866 | Lair:5   | 12866 ||| RETREEEEATING.
 12867 | Lair:5   | 12867 ||| RETREEEEATING.
 12870 | Lair:5   | 12870 ||| RETREEEEATING.
 12871 | Lair:5   | 12871 ||| RETREEEEATING.
 12872 | Lair:5   | 12872 ||| RETREEEEATING.
 12874 | Lair:5   | 12874 ||| RETREEEEATING.
 12876 | Lair:5   | 12876 ||| RETREEEEATING.
 12878 | Lair:5   | 12878 ||| RETREEEEATING.
 12891 | Lair:5   | Received a gift from Okawaru
 13287 | Lair:5   | 13287 ||| RETREEEEATING.
 13288 | Lair:5   | 13288 ||| INVOKING Finesse.
 13539 | Lair:5   | Found a large runed translucent door.
 13539 | Lair:5   | Found a large runed translucent door.
 13552 | Lair:5   | Reached XP level 14. HP: 70/70 MP: 22/22
 13732 | Lair:5   | Found a staircase to the Slime Pits.
 13741 | Lair:5   | 13741 ||| RETREEEEATING.
 13856 | Lair:5   | 13856 ||| RETREEEEATING.
 13857 | Lair:5   | 13857 ||| RETREEEEATING.
 13858 | Lair:5   | 13858 ||| RETREEEEATING.
 14665 | Lair:5   | 14665 ||| PLANNING D:1-11
 14665 | Lair:5   | 14665 ||| READING 3 scrolls of identify.
 14665 | Lair:5   | 14665 ||| IDENTIFYING 2 fizzy brown potions
 14666 | Lair:5   | 14666 ||| DROPPING 2 potions of lignification.
 15267 | D:9      | Reached ****** piety under Okawaru
 15282 | D:9      | 15282 ||| INVOKING Receive Weapon.
 15282 | D:9      | 15282 ||| ACQUIRING +2 hand cannon of flaming
 15282 | D:9      | Acquired a +2 hand cannon of flaming
 15282 | D:9      | Received a gift from Okawaru
 15283 | D:9      | 15283 ||| INVOKING Receive Armour.
 15283 | D:9      | 15283 ||| ACQUIRING +0 hat "Hioczaxt" {^Drain rCorr MP-9
                  | Dex+8}
 15283 | D:9      | Acquired the +0 hat "Hioczaxt" {^Drain rCorr MP-9 Dex+8}
 15283 | D:9      | Received a gift from Okawaru
 15285 | D:9      | 15285 ||| SWAPPING to +2 hand cannon of flaming.
 15286 | D:9      | 15286 ||| DROPPING +0 orcbow.
 15377 | D:9      | Found a flagged portal.
 15614 | D:9      | 15614 ||| READING scroll of brand weapon.
 15614 | D:9      | 15614 ||| BRANDING +2 hand cannon of flaming.
 15617 | D:9      | 15617 ||| READING scroll of enchant weapon.
 15617 | D:9      | 15617 ||| ENCHANTING +2 hand cannon of freezing.
 15749 | D:9      | Identified the +7 long sword of Kindness {elec, +Blink rC+
                  | Int-4}
 15937 | D:9      | 15937 ||| UPGRADING to +0 hat "Hioczaxt" {^Drain rCorr MP-9
                  | Dex+8}.
 15947 | D:9      | 15947 ||| DROPPING +2 hat.
 15948 | D:9      | 15948 ||| READING 2 scrolls of identify.
 15948 | D:9      | 15948 ||| IDENTIFYING scroll labelled ETUONA OMALI
 15949 | D:9      | 15949 ||| DROPPING scroll of poison.
 15971 | D:10     | Entered Level 10 of the Dungeon
 16068 | D:10     | Found Awny's Overcharged Wands.
 16077 | D:10     | 16077 ||| SHOPLISTING wand of acid (18) (1134 gold, have
                  | 997).
 16077 | D:10     | 16077 ||| BUYING wand of mindburst (30) (630 gold).
 16077 | D:10     | Bought a wand of mindburst (30) for 630 gold pieces
 16077 | D:10     | 16077 ||| SHOPLISTING wand of polymorph (18) (378 gold,
                  | have 367).
 16322 | D:10     | Found an ancient bone altar of Kikubaaqudgha.
 16527 | D:10     | 16527 ||| READING scroll of identify.
 16527 | D:10     | 16527 ||| IDENTIFYING scroll labelled OSOEMI RIMI
 16528 | D:10     | 16528 ||| READING scroll of enchant armour.
 16528 | D:10     | 16528 ||| ENCHANTING +0 steam dragon scales.
 16566 | D:11     | Reached skill level 19 in Dodging
 16594 | D:11     | Found Tays's Weapon Boutique.
 17040 | D:11     | Found a large runed translucent door.
 17040 | D:11     | Found a large runed translucent door.
 17079 | D:11     | 17079 ||| PLANNING D
 17104 | D:12     | Received a gift from Okawaru
 17107 | D:12     | 17107 ||| INVOKING Finesse.
 17108 | D:12     | 17108 ||| INVOKING Heroism.
 17372 | D:12     | Found Goiteg's Armour Shoppe.
 17377 | D:12     | Noticed Frances
 17378 | D:12     | 17378 ||| INVOKING Finesse.
 17394 | D:12     | Killed Frances
 17425 | D:12     | Found a staircase to the Orcish Mines.
 17426 | D:12     | Found Atuebb's Weapon Shoppe.
 17618 | D:12     | Found a frozen archway.
 17710 | D:12     | Noticed Erolcha
 17713 | D:12     | Killed Erolcha
 18077 | D:13     | Identified the +4 flail of Moduidau {venom, rF++ rN+ rCorr}
 18103 | D:13     | Reached skill level 20 in Dodging
 18111 | D:13     | Identified the blade talisman of Prudence {rPois Stlth+}
 18232 | D:13     | 18232 ||| RETREEEEATING.
 18238 | D:13     | Received a gift from Okawaru
 18268 | D:13     | Noticed Lodul
 18269 | D:13     | 18269 ||| ZAPPING wand of acid (3) at -1,-5 (Lodul; floor).
 18270 | D:13     | 18270 ||| ZAPPING wand of acid (2) at -1,-4 (Lodul; floor).
 18271 | D:13     | 18271 ||| ZAPPING wand of acid (1) at -1,-3 (Lodul; floor).
 18273 | D:13     | 18273 ||| RETREEEEATING.
 18274 | D:13     | Killed Lodul
 18499 | D:13     | Noticed a fenstrider witch
 18500 | D:13     | 18500 ||| INVOKING Finesse.
 18507 | D:13     | Killed a fenstrider witch
 18508 | D:13     | Reached skill level 21 in Dodging
 18692 | D:13     | 18692 ||| DROPPING +1 cloak.
 18693 | D:13     | 18693 ||| UPGRADING to +0 troll leather armour.
 18703 | D:13     | 18703 ||| DROPPING +1 steam dragon scales.
 18704 | D:13     | 18704 ||| DROPPING amulet of the acrobat.
 18705 | D:13     | 18705 ||| READING scroll of identify.
 18705 | D:13     | 18705 ||| IDENTIFYING scroll labelled BAROUHIMYFF
 18706 | D:13     | 18706 ||| DROPPING scroll of summoning.
 18766 | D:14     | Noticed Josephine
 18773 | D:14     | Killed Josephine
 18775 | D:14     | Received a gift from Okawaru
 18874 | D:14     | Noticed Nessos
 18879 | D:14     | Killed Nessos
 19143 | D:14     | 19143 ||| INVOKING Finesse.
 19151 | D:14     | 19151 ||| INVOKING Heroism.
 19185 | D:14     | 19185 ||| RETREEEEATING.
 19254 | D:14     | Reached XP level 15. HP: 75/75 MP: 14/23
 19255 | D:14     | 19255 ||| INVOKING Finesse.
 19310 | D:14     | Found a gate to the Vaults.
 19360 | D:14     | Found a sacrificial altar of Ru.
 19604 | D:14     | 19604 ||| RETREEEEATING.
 19611 | D:14     | 19611 ||| RETREEEEATING.
 19612 | D:14     | 19612 ||| RETREEEEATING.
 19613 | D:14     | 19613 ||| RETREEEEATING.
 19614 | D:14     | 19614 ||| RETREEEEATING.
 19615 | D:14     | 19615 ||| RETREEEEATING.
 19616 | D:14     | 19616 ||| RETREEEEATING.
 19749 | D:15     | Entered Level 15 of the Dungeon
 19807 | D:15     | 19807 ||| RETREEEEATING.
 19808 | D:15     | 19808 ||| RETREEEEATING.
 19867 | D:15     | 19867 ||| RETREEEEATING.
 19868 | D:15     | 19868 ||| RETREEEEATING.
 19873 | D:15     | Reached skill level 22 in Dodging
 20051 | D:15     | 20051 ||| RETREEEEATING.
 20182 | D:15     | 20182 ||| RETREEEEATING.
 20188 | D:15     | 20188 ||| RETREEEEATING.
 20189 | D:15     | 20189 ||| INVOKING Finesse.
 20206 | D:15     | Annihilated by a very large slime creature

Levels and vault maps discovered:
D:1:      spicycebolla_green_bress_n_ham_2, layout_loops_corners,
          minmay_crystal_room, minmay_crystal_water
D:2:      layout_basic, hellmonk_ecumenical_altar_prayer_group, uniq_terence,
          uniq_crazy_yiuf_cottage
D:3:      layout_loops_ring, mainiacjoe_overflow_catch_the_wave,
          jmf_multi_god_temple2, serial_shops, nicolae_shop_bloodbath_and_beyond
D:4:      layout_basic, gammafunk_ghost_gnarly_gnolls, minmay_diced_spiral
D:5:      minmay_clustersquares, layout_layer_cave, nicolae_ossuary_entry_plus
D:6:      layout_loops_cross, yredelemnul_altar_generic, minmay_manual_maat
D:7:      layout_basic, kennysheep_mini_moat, old_standard_altar,
          minmay_temple_entry_junction_2, dk_noncrumbling_2,
          nicolae_concentric_dashed_squares_wild, nicolae_elevator_lobby_plus,
          uniq_menkaure, uniq_jeremiah
D:8:      layout_gridville, dpeg_oklobed_lair, uniq_grum, uniq_psyche,
          uniq_joseph, uniq_maurice
D:9:      layout_stronghold, enter_bailey_3, nicolae_letterblocks
          [nicolae_letter_subblock, nicolae_letter_subblock,
          nicolae_letter_subblock, nicolae_letter_subblock,
          nicolae_letter_subblock, nicolae_letter_subblock,
          nicolae_letter_subblock, nicolae_letter_subblock,
          nicolae_letter_subblock, nicolae_letter_subblock,
          nicolae_letter_subblock, nicolae_letter_subblock,
          nicolae_letter_subblock, nicolae_letter_subblock,
          nicolae_letter_subblock, nicolae_letter_subblock,
          nicolae_letter_subblock, nicolae_letter_subblock,
          nicolae_letter_subblock, nicolae_letter_subblock,
          nicolae_letter_subblock, nicolae_letter_subblock,
          nicolae_letter_subblock, nicolae_letter_subblock,
          nicolae_letter_subblock]
D:10:     layout_roguey, mainiacjoe_overflow_paths,
          nicolae_shop_overcharged_wands
D:11:     okawaru_arena_lexackson, layout_gridville, serial_shops, shop,
          minmay_rotating_lava
D:12:     layout_gridville, orc_david_3, portal_ice_cave_entry_ice_simulacra,
          uniq_erolcha, uniq_frances
D:13:     hellmonk_paralyzer, layout_loops_ring,
          amcnicky_mini_rare_corridor_liquid, uniq_lodul
D:14:     layout_long_grid, grunt_vaults_entry_tiered,
          hangedman_abyss_or_decor_passed, special_room
          [special_room_mythical_zoo], hangedman_ru_absence, uniq_nessos,
          uniq_josephine
D:15:     gammafunk_enter_depths_forms, layout_basic, nicolae_eternal_life
Temple:   minmay_temple_curvy_branch
Lair:1:   layout_gridlike, gammafunk_ghost_berserking_beasts,
          dreamdust_gnoll_shepherd
Lair:2:   layout_regular_city, hellmonk_spider_entry_life_and_decay,
          grunt_megastairs_2, lemuel_fruit_tree, infiniplex_staircase_pool_2,
          serial_bayou_shore_b
Lair:3:   layout_loops_ring, minmay_shoals_entry_lonely_mermaid, minivault_25,
          nzn_masters_of_martial_movement
Lair:4:   lemuel_slime, layout_cellular_growth, uniq_kirke
Lair:5:   cheibrodos_lair_end_hotspot, layout_layer_cave, slime_entry_1

Skill      XL: |  1  2  3  4  5  6  7  8  9 10 11 12 13 14 15 |
---------------+----------------------------------------------+-----
Dodging        | 3 4 5 6 7 9 12 14 15 16 18 21 22 | 22.0
Ranged Weapons | 5 6 7 8 10 11 12 14 16 17 | 17.7
Fighting       | 2 3 4 5 6 7 |  7.0
Armour         | 2 |  2.7
Invocations    | 2 4 7 10 | 10.0
Stealth        | |  1.5

Action                     |  1- 3 |  4- 6 |  7- 9 | 10-12 | 13-15 || total
---------------------------+-------+-------+-------+-------+-------++-------
   Fire: Shortbow          |   118 |   155 |   520 |    35 |       ||   828
         Orcbow            |       |       |       |   831 |   839 ||  1670
         Hand cannon       |       |       |       |       |   507 ||   507
 Invoke: Heroism           |       |       |     1 |     5 |     3 ||     9
         Finesse           |       |       |       |    12 |     9 ||    21
         Receive Weapon    |       |       |       |       |     1 ||     1
         Receive Armour    |       |       |       |       |     1 ||     1
  Evoke: Wand              |       |       |     5 |     3 |     3 ||    11
    Use: Scroll            |     2 |     3 |    12 |     4 |    10 ||    31
         Potion            |       |     1 |     4 |     1 |     1 ||     7
 Armour: Robe              |    13 |    17 |    39 |       |       ||    69
         Steam dragon scal |       |       |    41 |    78 |    43 ||   162
         Troll leather arm |       |       |       |       |    24 ||    24
  Dodge: Dodged            |    25 |    71 |   406 |   595 |   592 ||  1689
  Block: Other             |       |       |       |       |    87 ||    87
         Reflection        |       |       |       |       |     3 ||     3

Table legend:
 A = Non-vault XP
 B = Vault XP
 C = Vault XP percentage of total XP
 D = Non-vault monster count
 E = Vault monster count
 F = Vault count percentage of total count
                 A         B        C        D         E       F
            +---------+---------+-------+---------+---------+-------
      Total |   80215 |   43114 |  35.0 |     399 |     207 |  34.2
            +---------+---------+-------+---------+---------+-------
        D:1 |      38 |       0 |   0.0 |      23 |       0 |   0.0
        D:2 |      97 |      36 |  27.1 |      21 |       3 |  12.5
        D:3 |     224 |       1 |   0.4 |      17 |       1 |   5.6
        D:4 |     248 |     175 |  41.4 |      22 |       4 |  15.4
        D:5 |     673 |     516 |  43.4 |      13 |      13 |  50.0
        D:6 |     622 |      19 |   3.0 |      11 |       2 |  15.4
        D:7 |     785 |     549 |  41.2 |      10 |       2 |  16.7
        D:8 |    1354 |    1862 |  57.9 |      18 |       7 |  28.0
        D:9 |    2168 |       7 |   0.3 |      16 |       4 |  20.0
       D:10 |    1430 |       0 |   0.0 |       6 |       0 |   0.0
       D:11 |     338 |     426 |  55.8 |       6 |       3 |  33.3
       D:12 |    3316 |    2987 |  47.4 |      13 |      18 |  58.1
       D:13 |    6198 |    4611 |  42.7 |      16 |      12 |  42.9
       D:14 |    3492 |   15437 |  81.6 |       9 |      52 |  85.2
       D:15 |    9869 |    3003 |  23.3 |      14 |       4 |  22.2
     Lair:1 |    3228 |     789 |  19.6 |      11 |       4 |  26.7
     Lair:2 |   13967 |    1262 |   8.3 |      62 |       5 |   7.5
     Lair:3 |    5375 |    1303 |  19.5 |      25 |       2 |   7.4
     Lair:4 |    8265 |    2110 |  20.3 |      29 |      24 |  45.3
     Lair:5 |   18528 |    7869 |  29.8 |      57 |      31 |  35.2
    Ossuary |       0 |     152 | 100.0 |       0 |      16 | 100.0
            +---------+---------+-------+---------+---------+-------
